AoeStats
← attila

Arena

505028624Analyzed
4v4 RM · 25d ago on Sep 7, 2026· 47m 56s· 8 players
Game mode
Random Map
Map size
Large (8 player)
Population
200
Speed
Normal
Resources
Standard
Victory
Conquest
Starting age
Dark Age
Ending age
Imperial Age
RankedLock teamsTeams togetherTeam positionsShared explorationLock speedFull tech treeHidden civsTurbo modeCheats
Victory
Defeat
🇧🇪 Burmese · Belgium
807
+12
🇨🇳 Spanish · China
725
+16
🇨🇳 Tatars · China
659
+18
🇧🇷 Teutons · Brazil
554
+23
🇵🇪 Franks · Peru
785
-20
🇦🇷 Turks · Argentina
699
-17
🇹🇷 Teutons · Türkiye
693
-16
🇬🇷 Khmer · Greece
672
-16
xime
11:52 Feudal Age
13:40 Loom
16:17 Castle Age
15:51 Double-Bit Axe
17:39 Stone Mining
21:01 Man-at-Arms
25:16 Scale Mail Armor
25:08 Long Swordsman
29:16 Horse Collar
33:41 Imperial Age
33:24 Chain Mail Armor
34:00 Squires
34:18 Bloodlines
35:08 Ballistics
35:45 Conscription
37:31 Scale Barding Armor
44:47 Wheelbarrow
kaifanestro
6:48 Loom
10:23 Feudal Age
12:30 Wheelbarrow
11:50 Double-Bit Axe
19:49 Castle Age
19:32 Stone Mining
21:29 Hand Cart
21:32 Bow Saw
24:01 Fletching
27:26 Gold Mining
28:42 Gold Shaft Mining
ME LENE GIORGO
5:19 Loom
12:10 Feudal Age
17:55 Castle Age
16:42 Wheelbarrow
15:55 Double-Bit Axe
18:51 Bow Saw
23:54 Hand Cart
26:10 Imperial Age
24:17 Town Watch
24:21 Horse Collar
31:33 Heavy Scorpion
33:44 Stone Mining
33:44 Gold Mining
33:57 Heavy Plow
34:27 Ballistics
35:24 Chemistry
37:42 Town Patrol
37:45 Caravan
38:41 Elite Ballista Elephant
39:23 Double Crossbow
39:27 Tusk Swords
38:47 Elite Ballista Elephant
40:52 Conscription
attila
10:48 Feudal Age
12:05 Wheelbarrow
11:19 Double-Bit Axe
11:23 Horse Collar
14:10 Gold Mining
20:19 Castle Age
21:34 Hand Cart
21:36 Bow Saw
21:28 Heavy Plow
24:08 Pikeman
24:49 Squires
24:34 Gambesons
24:35 Arson
25:29 Masonry
25:24 Loom
25:35 Town Watch
27:06 Scale Mail Armor
27:34 Stone Mining
28:49 Town Patrol
32:22 Imperial Age
fravIn!
0:28 Loom
12:11 Feudal Age
21:42 Castle Age
21:21 Horse Collar
21:29 Double-Bit Axe
29:19 Wheelbarrow
28:09 Crossbowman
31:27 Ballistics
33:27 Hand Cart
34:54 Fletching
35:04 Padded Archer Armor
36:14 Heavy Plow
37:02 Stone Mining
37:06 Gold Mining
38:43 Bodkin Arrow
39:04 Leather Archer Armor
42:21 Imperial Age
40:41 Stone Shaft Mining
42:17 Caravan
43:39 Crenellations
43:41 Conscription
43:58 Hoardings
45:02 Chemistry
45:41 Siege Engineers
48:30 Masonry
Roberto_Panini
2:30 Loom
12:09 Feudal Age
16:22 Town Watch
19:34 Castle Age
18:58 Fletching
20:12 Pikeman
24:53 Padded Archer Armor
29:22 Imperial Age
28:13 Forging
30:28 Elite Arambai
32:18 Wheelbarrow
31:58 Scale Barding Armor
32:51 Man-at-Arms
33:17 Gambesons
32:53 Halberdier
33:53 Long Swordsman
35:39 Two-Handed Swordsman
36:53 Champion
37:53 Horse Collar
38:14 Scale Mail Armor
38:47 Squires
38:34 Capped Ram
42:03 Onager
42:10 Heavy Scorpion
44:11 Heavy Plow
44:09 Bodkin Arrow
JoelReagan
0:27 Loom
14:11 Feudal Age
14:45 Horse Collar
14:51 Double-Bit Axe
18:06 Gold Mining
18:06 Stone Mining
24:35 Castle Age
22:19 Man-at-Arms
24:01 Stone Mining
25:56 Wheelbarrow
25:32 Bow Saw
25:23 Heavy Plow
25:31 Squires
27:00 Hand Cart
28:48 Long Swordsman
28:49 Pikeman
29:20 Elite Skirmisher
29:20 Crossbowman
30:21 Town Watch
32:15 Fletching
32:26 Padded Archer Armor
32:26 Scale Mail Armor
32:37 Forging
32:32 Scale Barding Armor
32:12 Treadmill Crane
32:45 Caravan
33:51 Gold Shaft Mining
34:05 Silk Armor
40:24 Imperial Age
37:53 Bodkin Arrow
38:13 Leather Archer Armor
38:19 Chain Barding Armor
38:35 Iron Casting
41:29 Conscription
40:33 Heavy Cavalry Archer
43:04 Husbandry
43:15 Bloodlines
44:39 Plate Barding Armor
44:22 Elite Keshik
45:51 Crop Rotation
46:49 Blast Furnace
47:02 Bracer
47:33 Ring Archer Armor
yg13382939557
2:14 Loom
11:28 Feudal Age
19:44 Castle Age
18:01 Stone Mining
18:10 Double-Bit Axe
18:41 Gold Mining
19:27 Fletching
23:01 Wheelbarrow
23:24 Bow Saw
27:39 Husbandry
27:50 Bloodlines
33:42 Imperial Age
33:25 Hand Cart
32:55 Town Watch
33:08 Bodkin Arrow
33:14 Padded Archer Armor
33:01 Elite Skirmisher
38:04 Squires
37:25 Pikeman
39:47 Capped Ram
40:48 Bracer
41:04 Leather Archer Armor
41:56 Light Cavalry
43:02 Onager
43:45 Hussar
47:05 Scale Barding Armor
47:31 Ring Archer Armor
47:12 Forging
Connection lost

Rejoining the realm…

Still unreachable

The connection could not be restored.

Session expired

The server has moved on; the page needs a fresh start.